 Dungeon Crawl Stone Soup version 0.29.1-1-gd02db6906a (webtiles) character file.

Game seed: 384831306655122653

502 safid the Skirmisher (level 6, 0/51 HPs)
             Began as a Minotaur Hunter on Sept 30, 2022.
             Slain by an orc wizard
             ... wielding a +0 dagger
              (1 damage)
             ... on level 4 of the Dungeon.
             The game lasted 00:04:21 (3009 turns).

safid the Skirmisher (Minotaur Hunter)              Turns: 3009, Time: 00:04:23

Health: 0/51       AC:  3    Str: 16    XL:     6   Next: 95%
Magic:  5/5        EV: 12    Int:  6    God:
Gold:   183        SH:  0    Dex: 15    Spells: 5/5 levels left

rFire   . . .      SeeInvis .   w - +0 longbow
rCold   . . .      Faith    .   (shield currently unavailable)
rNeg    . . .      Spirit   .   c - +0 leather armour
rPois   .          Reflect  .   (helmet restricted)
rElec   .          Harm     .   (no cloak)
rCorr   .          Rampage  .   (no gloves)
Will    .....                   (no boots)
Stlth   +.........              (no amulet)
HPRegen 0.17/turn               (no ring)
MPRegen 0.09/turn               (no ring)

@: no status effects
A: horns 2, retaliatory headbutt
a: no special abilities


You were on level 4 of the Dungeon.
You visited 1 branch of the dungeon, and saw 4 of its levels.

You collected 183 gold pieces.

Inventory:

Hand Weapons
 w - a +0 longbow (weapon)
Missiles
 a - 7 boomerangs of dispersal
 m - 4 javelins
 r - 12 poisoned darts
Armour
 c - a +0 leather armour (worn)
Scrolls
 b - 2 scrolls of immolation
 e - a scroll of fear {unknown}
 f - 2 scrolls of vulnerability {unknown}
 h - a scroll of blinking {unknown}
 i - 4 scrolls of teleportation {unknown}
 l - 2 scrolls of identify {unknown}
 n - a scroll of brand weapon {unknown}
 q - 3 scrolls of poison {unknown}
Potions
 d - a potion of brilliance {unknown}
 g - a potion of attraction {unknown}
 j - 2 potions of mutation {unknown}
 k - 2 potions of lignification {unknown}
 o - a potion of haste {unknown}
 p - a potion of resistance {unknown}
 s - a potion of might {unknown}
 t - a potion of cancellation {unknown}
 u - a potion of heal wounds {unknown}
 v - a potion of berserk rage {unknown}
 x - a potion of flight {unknown}
 z - a potion of invisibility {unknown}


   Skills:
 - Level 3.0 Fighting
 + Level 9.1 Ranged Weapons
 - Level 2.1 Dodging
 - Level 0.7 Stealth


You had 5 spell levels left.
You didn't know any spells.
Your spell library contained the following spells:

 Spells                   Type           Power      Damage    Failure   Level
 Sandblast                Erth           0%         2d4       52%         1
 Passwall                 Tmut/Erth      0%         N/A       67%         2
 Stone Arrow              Conj/Erth      0%         3d7       88%         3
 Borgnjor's Revivificati  Necr           0%         N/A       100%        8
 Necromutation            Tmut/Necr      0%         N/A       100%        8
 Death's Door             Necr           0%         N/A       100%        9


Dungeon Overview and Level Annotations

Branches:
Dungeon (4/15)
 Temple: D:4-7

Altars:


Innate Abilities, Weirdness & Mutations

You have a pair of horns on your head.
You reflexively headbutt those who attack you in melee.


Message History

The hound bites you.
* * * LOW HITPOINT WARNING * * *
The hound barely misses you. You furiously retaliate!
You headbutt the hound.
Your Ranged Weapons skill increases to level 9!
Unknown command.
Fire: w) +0 longbow
Press: ? - help, Q - select action, (/) - cycle Shift-Dir - straight line, f/p - hound
Aim: a hound (heavily wounded, 51% to hit)
You shoot an arrow. The arrow barely misses the hound.
The hound barely misses you.
An orc comes into view. It is wielding a +0 dagger of speed.
The hound barely misses you.
Fire: w) +0 longbow
Press: ? - help, Q - select action, (/) - cycle Shift-Dir - straight line, f/p - hound
Aim: a hound (heavily wounded, 51% to hit)
You shoot an arrow. The arrow barely misses the hound.
The hound bites you but does no damage. The hound closely misses you.
Fire: w) +0 longbow
Press: ? - help, Q - select action, (/) - cycle Shift-Dir - straight line, f/p - hound
Aim: a hound (heavily wounded, 51% to hit)
You shoot an arrow. The arrow hits the hound!
You kill the hound!
You hear some strange, mumbled words.
Something tries to affect you, but you resist.
Fire: w) +0 longbow
Press: ? - help, Q - select action, (/) - cycle Shift-Dir - straight line, f - orc
Aim: an orc, wielding a +0 dagger of speed and wearing a +0 robe (62% to hit)
You shoot an arrow.
Fire: w) +0 longbow
Press: ? - help, Q - select action, (/) - cycle Shift-Dir - straight line, f/p - orc
Aim: an orc, wielding a +0 dagger of speed and wearing a +0 robe (62% to hit)
You shoot an arrow. The arrow hits the orc.
The orc is moderately wounded.
You hear a shout!
You hear some strange, mumbled words.
A puff of flame appears from out of thin air!
The puff of flame hits you!
* * * LOW HITPOINT WARNING * * *
An orc priest comes into view. It is wielding a +0 hand axe.
Something hits you.
You die...

.......## .........
.).....#
########......#
#..†........?.#
#.......g.....+
#.............# #
#......o########)..#
..........o{@.......
..........##########
#.......#.#
#########.# #.#
########.# #..
.........# .. #..
.........# #. #..
.........# #. #..


You could see an orc priest and an orc.

Vanquished Creatures
  Eustachio (D:4)
  2 orc priests (D:3)
  3 hounds
  Natasha (D:3)
  Robin (D:3)
  4 adders
  5 gnolls
  4 worms
  A dart slug (D:3)
  12 orcs (D:3)
  4 endoplasms
  4 giant cockroaches
  11 goblins
  11 hobgoblins
  3 quokkas
  3 ball pythons
  7 bats
  A frilled lizard (D:2)
  5 kobolds
  A rat (D:1)
84 creatures vanquished.

Vanquished Creatures (others)
  3 fungi (D:4)
3 creatures vanquished.

Grand Total: 87 creatures vanquished

Notes
Turn   | Place    | Note
-------+----------+-------------------------------------------
     0 | D:1      | safid the Minotaur Hunter began the quest for the Orb.
     0 | D:1      | Reached XP level 1. HP: 18/18 MP: 0/0
     1 | D:1      | Found a faded altar of an unknown god.
   459 | D:1      | Reached XP level 2. HP: 23/26 MP: 1/1
   832 | D:2      | Reached skill level 5 in Ranged Weapons
   842 | D:2      | Reached XP level 3. HP: 12/31 MP: 2/2
  1357 | D:2      | Reached skill level 6 in Ranged Weapons
  1357 | D:2      | Reached XP level 4. HP: 34/38 MP: 3/3
  1841 | D:3      | Reached XP level 5. HP: 25/45 MP: 4/4
  2193 | D:3      | Reached skill level 7 in Ranged Weapons
  2434 | D:3      | Noticed Natasha
  2442 | D:3      | Killed Natasha
  2757 | D:3      | Noticed Robin
  2760 | D:3      | Reached XP level 6. HP: 51/51 MP: 5/5
  2769 | D:3      | Killed Robin
  2877 | D:4      | Noticed Eustachio
  2889 | D:4      | Reached skill level 8 in Ranged Weapons
  2914 | D:4      | Killed Eustachio
  3005 | D:4      | Reached skill level 9 in Ranged Weapons
  3009 | D:4      | HP: 1/51 [something/puff of flame (10)]
  3009 | D:4      | Slain by an orc wizard

Illustrated notes

Levels and vault maps discovered:
D:1:      scummos_arrival_simple_fountains, layout_basic,
          hellmonk_ecumenical_altar_pennies_from_heaven, minivault_11,
          kennysheep_crisscross
D:2:      minmay_skewed_foursquare, layout_rooms, minmay_pentomino_v4
D:3:      layout_basic, uniq_natasha, uniq_robin
D:4:      layout_basic, marbit_many_paths, dreamdust_gnoll_farm, uniq_eustachio

Skill      XL: |  1  2  3  4  5  6 |
---------------+-------------------+-----
Fighting       | 3 |  3.0
Ranged Weapons | 5 6 7 9 |  9.1
Dodging        | |  2.1
Stealth        | |  0.7

Action                   |  1- 3 |  4- 6 || total
-------------------------+-------+-------++-------
 Fire: Shortbow          |    66 |   106 ||   172
       Longbow           |       |    88 ||    88
Armor: Leather armour    |     2 |    17 ||    19
Dodge: Dodged            |    22 |    63 ||    85
